Wolfes vs Influenza
Created - January 28, 2021 at 19:04
Goals
|
| Wolfes |
3 |
0 |
1 |
4 |
| Influenza |
2 |
0 |
0 |
2 |
|
Shots
|
| Wolfes |
11 |
10 |
11 |
32 |
| Influenza |
11 |
4 |
9 |
24 |
|
1st period
1. Wolfes , Lawson Crouse 16 (Kyle Rau 19, Joe Morrow 22) at 0:27
2. Wolfes , Victor Olofsson 3 (Matthew Highmore 1, Jakub Zboril 4) at 8:42
3. Wolfes , Blake Pietila 25 (Damon Severson 24, Martin Hanzal 32) at 9:03
4. Influenza , Colton Sissons 10 (Dmitry Sinitsyn 12, Neal Pionk 21) at 12:53
5. Influenza , Bo Horvat 18 (Tim Schaller 11, Linden Vey 18) at 13:15 (PP)
Penalties :
Alexandre Grenier (RIM) for Hooking (Minor) at 13:00, Linden Vey (VJB) for Holding (Minor) at 18:07
2nd period
No Goal
Penalties :
Martin Hanzal (RIM) for Checking from behind (Minor) at 3:06, Linden Vey (VJB) for Hooking (Minor) at 11:41
3rd period
6. Wolfes , Jamie Oleksiak 5 (Alexandre Grenier 32) at 16:01 (PP)
Penalties :
Neal Pionk (VJB) for Holding (Minor) at 1:04, Lucas Lessio (VJB) for Cross-checking (Minor) at 5:31, Tim Schaller (VJB) for Holding (Minor) at 10:27, Pavel Zacha (VJB) for Holding (Minor) at 15:54
Goalie Stats
Laurent Brossoit (RIM), 22 saves from 24 shots - (0.917), W, 19-11-3, 60:00 minutes
Al Montoya (VJB), 28 saves from 32 shots - (0.875), L, 3-4-0, 60:00 minutes
Players Stats for Wolfes
Player Name G A P +/- PIM S H SB GA TA FO MP PP MP PK MP
------------------------------------------------------------------------------------
Alexandre Grenier 0 1 1 1 2 2 4 1 1 0 1/1 23:08 5:16 1:00
Anton Karlsson 0 0 0 1 0 1 1 0 0 0 0/0 7:17 0:00 0:00
Anton Lindholm 0 0 0 1 0 1 0 0 0 0 0/0 11:42 0:00 0:00
Benn Ferriero 0 0 0 0 0 2 2 0 1 1 1/1 20:47 4:27 0:00
Blake Pietila 1 0 1 1 0 1 2 0 0 0 1/1 4:43 0:00 0:00
Damon Severson 0 1 1 1 0 3 2 0 4 0 0/0 26:36 6:08 1:26
Eric Robinson 0 0 0 0 0 0 2 0 0 0 0/0 10:54 0:50 0:16
Jakub Zboril 0 1 1 1 0 0 0 3 0 0 0/0 11:42 0:00 0:00
Jamie Oleksiak 1 0 1 1 0 1 2 2 0 2 0/0 26:36 6:08 1:26
Jeffrey Foss 0 0 0 0 0 1 2 0 0 0 0/0 21:42 3:54 0:48
Joe Morrow 0 1 1 0 0 2 3 0 1 1 0/0 21:42 3:54 0:48
Kyle Rau 0 1 1 0 0 4 0 2 1 0 7/13 18:16 3:32 0:17
Lawson Crouse 1 0 1 0 0 3 2 0 0 0 0/0 18:55 3:50 0:43
Martin Hanzal 0 1 1 1 2 3 1 1 0 1 18/38 22:41 5:14 0:15
Matthew Highmore 0 1 1 1 0 0 1 0 0 0 1/2 7:17 0:00 0:00
Max Friberg 0 0 0 0 0 6 1 0 1 0 0/0 19:03 4:04 0:00
Sebastian Aho 0 0 0 0 0 0 0 0 2 0 3/6 12:56 2:38 0:47
Victor Olofsson 1 0 1 1 0 2 2 0 0 0 1/1 11:47 0:15 1:10
Players Stats for Influenza
Player Name G A P +/- PIM S H SB GA TA FO MP PP MP PK MP
------------------------------------------------------------------------------------
Aleksi Saarela 0 0 0 -1 0 0 0 0 0 0 2/3 6:56 0:00 0:00
Bo Horvat 1 0 1 -1 0 3 1 2 0 0 14/35 22:23 1:15 5:02
Brett Pesce 0 0 0 0 0 1 0 0 0 1 0/0 12:34 0:00 0:00
Colton Sissons 1 0 1 0 0 2 3 0 0 1 8/14 16:39 0:51 2:47
Dmitry Sinitsyn 0 1 1 0 0 1 0 1 0 3 0/0 17:07 0:37 3:32
Haydn Fleury 0 0 0 -1 0 0 2 3 1 1 0/0 21:45 0:37 6:05
Justin Bailey 0 0 0 0 0 0 1 0 0 0 0/0 11:05 0:00 0:00
Linden Vey 0 1 1 -1 4 1 2 2 1 1 1/2 17:11 1:15 0:00
Lucas Lessio 0 0 0 0 2 0 1 1 2 0 0/0 13:37 0:08 1:26
Mark Giordano 0 0 0 -1 0 2 5 1 1 1 0/0 27:58 1:37 6:03
Max Domi 0 0 0 0 0 2 1 0 0 1 0/0 13:31 0:51 0:00
Neal Pionk 0 1 1 -1 2 2 1 1 0 1 0/0 15:25 0:00 0:52
Pavel Zacha 0 0 0 0 2 1 0 0 0 0 4/7 11:04 0:00 0:00
Ryan Dzingel 0 0 0 -1 0 0 0 0 0 0 0/0 11:44 0:08 4:11
Tim Erixon 0 0 0 -1 0 3 4 3 0 1 0/0 25:16 1:37 3:32
Tim Schaller 0 1 1 -1 2 5 5 1 0 0 1/2 21:49 1:15 4:01
Tom Kuhnhackl 0 0 0 -1 0 0 2 0 0 0 0/0 7:16 0:08 0:00
Travis Konecny 0 0 0 0 0 1 1 0 0 0 0/0 16:32 0:51 2:37
3 Stars
1 - Jamie Oleksiak (RIM)
2 - Blake Pietila (RIM)
3 - Victor Olofsson (RIM)
Power Play
Wolfes - 1 on 6 Attempt(s) - 16.67%
Influenza - 1 on 2 Attempt(s) - 50.00%
Penalty Kill
Wolfes - 1 on 2 Attempt(s) - 50.00%
- Score 0 goal in Penalty Kill
Influenza - 5 on 6 Attempt(s) - 83.33%
- Score 0 goal in Penalty Kill
Team Stat
Wolfes - Hits : 27 - Faceoff Wins : 33 - Blocked Shots : 9 - Penalty Minutes : 4
Influenza - Hits : 29 - Faceoff Wins : 30 - Blocked Shots : 15 - Penalty Minutes : 12
Official
Referees : Unknown
Linesman : Unknown
Game Notes
Blake Pietila is injured at 14:15 of 1st period (Left Knee)
6:41 of 3rd period - Wolfes goal is going for a video replay. After video review, No Goal. The puck has been kicked using a distinct kicking motion.
Finance
Level 1 -- Attendance: 1358 (67.90%) -- Ticket Income $54,320
Level 2 -- Attendance: 717 (71.70%) -- Ticket Income $14,340
Total Attendance: 2075 (69.17%)
Total Ticket Income: $68,660
Other Income: $3,433
Total Income: $72,093
Wolfes
5 vs 5 Forward
Center Left Wing Right Wing Time % Phy DF OF
1 Martin Hanzal Blake Pietila Alexandre Grenier 40 1 2 2
2 Kyle Rau Lawson Crouse Max Friberg 30 1 2 2
3 Sebastian Aho Eric Robinson Benn Ferriero 20 1 2 2
4 Matthew Highmore Anton Karlsson Victor Olofsson 10 1 2 2
5 vs 5 Defense
Defense Defense Time % Phy DF OF
1 Jamie Oleksiak Damon Severson 40 1 2 2
2 Jeffrey Foss Joe Morrow 30 1 2 2
3 Anton Lindholm Jakub Zboril 20 1 2 2
4 Jamie Oleksiak Damon Severson 10 1 2 2
PowerPlay Forward
Center Left Wing Right Wing Time % Phy DF OF
1 Martin Hanzal Blake Pietila Alexandre Grenier 60 1 2 2
2 Kyle Rau Lawson Crouse Max Friberg 40 1 2 2
PowerPlay Defense
Defense Defense Time % Phy DF OF
1 Jamie Oleksiak Damon Severson 60 1 2 2
2 Jeffrey Foss Joe Morrow 40 1 2 2
Penalty Kill 4 Players Forward
Center Wing Time % Phy DF OF
1 Martin Hanzal Alexandre Grenier 60 1 2 2
2 Blake Pietila Max Friberg 40 1 2 2
Penalty Kill 4 Players Defense
Defense Defense Time % Phy DF OF
1 Jamie Oleksiak Damon Severson 60 1 2 2
2 Jeffrey Foss Joe Morrow 40 1 2 2
Penalty Kill - 3 Players Forward
Forward Time % Phy DF OF
1 Martin Hanzal 60 1 2 2
2 Alexandre Grenier 40 1 2 2
Penalty Kill - 3 Players Defense
Defense Defense Time % Phy DF OF
1 Jamie Oleksiak Damon Severson 60 1 2 2
2 Jeffrey Foss Joe Morrow 40 1 2 2
4 vs 4 Forward
Center Wing Time % Phy DF OF
1 Martin Hanzal Alexandre Grenier 60 1 2 2
2 Blake Pietila Max Friberg 40 1 2 2
4 vs 4 Defense
Defense Defense Time % Phy DF OF
1 Jamie Oleksiak Damon Severson 60 1 2 2
2 Jeffrey Foss Joe Morrow 40 1 2 2
Last Minutes Offensive
Center Left Wing Right Wing Defense Defense
Martin Hanzal Blake Pietila Alexandre Grenier Jamie Oleksiak Damon Severson
Last Minutes Defensive
Center Left Wing Right Wing Defense Defense
Martin Hanzal Blake Pietila Alexandre Grenier Jamie Oleksiak Damon Severson
Goaltenders
Starting : Laurent Brossoit
Backup : Ebbe Siönäs
Extra Forwards
Normal : Benn Ferriero, Sebastian Aho, Victor Olofsson - PP : Benn Ferriero, Sebastian Aho - PK : Victor Olofsson
Extra Defensemen
Normal : Anton Lindholm, Jakub Zboril, Jeffrey Foss - PP : Anton Lindholm - PK : Jakub Zboril, Jeffrey Foss
Penalty Shots
Martin Hanzal, Alexandre Grenier, Blake Pietila, Max Friberg, Kyle Rau
Scratches
Kevin Stenlund (Healthy), Zachary Senyshyn (Healthy), Thomas Spelling (Healthy), Louis Belpedio (Healthy), Cameron Darcy (Healthy)
Fredrik Olofsson (Healthy), Michael Stone (Healthy), Nolan Vesey (Healthy), Vaclav Karabacek (Healthy), Kyle Pettit (Healthy)
Dylan Sadowy (Healthy)
Influenza
5 vs 5 Forward
Center Left Wing Right Wing Time % Phy DF OF
1 Bo Horvat Tim Schaller Linden Vey 40 1 2 2
2 Colton Sissons Max Domi Travis Konecny 30 1 2 2
3 Pavel Zacha Lucas Lessio Justin Bailey 20 1 2 2
4 Aleksi Saarela Ryan Dzingel Tom Kuhnhackl 10 1 2 2
5 vs 5 Defense
Defense Defense Time % Phy DF OF
1 Mark Giordano Tim Erixon 40 1 2 2
2 Neal Pionk Haydn Fleury 30 1 2 2
3 Brett Pesce Dmitry Sinitsyn 20 1 2 2
4 Mark Giordano Tim Erixon 10 1 2 2
PowerPlay Forward
Center Left Wing Right Wing Time % Phy DF OF
1 Bo Horvat Tim Schaller Linden Vey 60 1 2 2
2 Colton Sissons Max Domi Travis Konecny 40 1 2 2
PowerPlay Defense
Defense Defense Time % Phy DF OF
1 Mark Giordano Tim Erixon 60 1 2 2
2 Dmitry Sinitsyn Haydn Fleury 40 1 2 2
Penalty Kill 4 Players Forward
Center Wing Time % Phy DF OF
1 Bo Horvat Tim Schaller 60 1 2 2
2 Colton Sissons Ryan Dzingel 40 1 2 2
Penalty Kill 4 Players Defense
Defense Defense Time % Phy DF OF
1 Mark Giordano Haydn Fleury 60 1 2 2
2 Tim Erixon Dmitry Sinitsyn 40 1 2 2
Penalty Kill - 3 Players Forward
Forward Time % Phy DF OF
1 Bo Horvat 60 1 2 2
2 Colton Sissons 40 1 2 2
Penalty Kill - 3 Players Defense
Defense Defense Time % Phy DF OF
1 Mark Giordano Haydn Fleury 60 1 2 2
2 Tim Erixon Dmitry Sinitsyn 40 1 2 2
4 vs 4 Forward
Center Wing Time % Phy DF OF
1 Bo Horvat Tim Schaller 60 1 2 2
2 Colton Sissons Max Domi 40 1 2 2
4 vs 4 Defense
Defense Defense Time % Phy DF OF
1 Mark Giordano Tim Erixon 60 1 2 2
2 Dmitry Sinitsyn Haydn Fleury 40 1 2 2
Last Minutes Offensive
Center Left Wing Right Wing Defense Defense
Bo Horvat Tim Schaller Linden Vey Mark Giordano Tim Erixon
Last Minutes Defensive
Center Left Wing Right Wing Defense Defense
Bo Horvat Tim Schaller Linden Vey Mark Giordano Tim Erixon
Goaltenders
Starting : Al Montoya
Backup : Malcolm Subban
Extra Forwards
Normal : Ryan Dzingel, Lucas Lessio, Travis Konecny - PP : Ryan Dzingel, Lucas Lessio - PK : Travis Konecny
Extra Defensemen
Normal : Brett Pesce, Neal Pionk, Dmitry Sinitsyn - PP : Brett Pesce - PK : Neal Pionk, Dmitry Sinitsyn
Penalty Shots
Bo Horvat, Tim Schaller, Max Domi, Travis Konecny, Ryan Dzingel
Scratches
Shane Prince (Healthy), Jeff Corbett (Healthy), Dennis Gilbert (Healthy), Henri Ikonen (Healthy), Johan Larsson (Healthy)
Jakob Forsbacka-Karlsson (Healthy), Zack MacEwen (Healthy), Radovan Bondra (Healthy), Simon Bourque (Healthy), Mitchell Moroz (Healthy)
Conner Bleackley (Healthy), Brycen Martin (Healthy), Jaden Lindo (Healthy), Charlie Lindgren (Healthy), Jamie Phillips (Healthy)
% Time on Ice - Wolfes
Lines # - Real PCT - Wanted PCT - Time Play
Normal Forward
1 - 37% - 40% - 17:43
2 - 30% - 30% - 14:25
3 - 17% - 20% - 8:19
4 - 15% - 10% - 7:17
Normal Defense
1 - 37% - 40% - 17:47
2 - 36% - 30% - 17:00
3 - 25% - 20% - 11:42
4 - 3% - 10% - 1:15
PP Forward
1 - 66% - 60% - 6:36
2 - 34% - 40% - 3:26
PP Defense
1 - 61% - 60% - 6:08
2 - 39% - 40% - 3:54
PK Forward
1 - 100% - 60% - 2:14
2 - 0% - 40% - 0:00
PK Defense
1 - 64% - 60% - 1:26
2 - 36% - 40% - 0:48
PK3 Forward
1 - 0% - 60%
2 - 0% - 40%
PK3 Defense
1 - 0% - 60%
2 - 0% - 40%
44 Forward
1 - 0% - 60%
2 - 0% - 40%
44 Defense
1 - 0% - 60%
2 - 0% - 40%
Last Minute Offensive - 0:00
Last Minute Defensive - 0:00
Total
Forward - 60:00
Defense - 60:00
|
% Time on Ice - Influenza
Lines # - Real PCT - Wanted PCT - Time Play
Normal Forward
1 - 36% - 40% - 17:03
2 - 27% - 30% - 12:40
3 - 23% - 20% - 11:05
4 - 15% - 10% - 6:56
Normal Defense
1 - 38% - 40% - 18:09
2 - 32% - 30% - 15:05
3 - 26% - 20% - 12:21
4 - 5% - 10% - 2:09
PP Forward
1 - 62% - 60% - 1:23
2 - 38% - 40% - 0:51
PP Defense
1 - 72% - 60% - 1:37
2 - 28% - 40% - 0:37
PK Forward
1 - 82% - 60% - 8:14
2 - 18% - 40% - 1:48
PK Defense
1 - 65% - 60% - 6:30
2 - 35% - 40% - 3:32
PK3 Forward
1 - 0% - 60%
2 - 0% - 40%
PK3 Defense
1 - 0% - 60%
2 - 0% - 40%
44 Forward
1 - 0% - 60%
2 - 0% - 40%
44 Defense
1 - 0% - 60%
2 - 0% - 40%
Last Minute Offensive - 0:00
Last Minute Defensive - 0:00
Total
Forward - 60:00
Defense - 60:00
|
Play-by-Play
1st period
0:01 of 1st period - Bo Horvat wins face-off versus Martin Hanzal in neutral zone.
0:06 of 1st period - Snap shot by Linden Vey.
0:06 of 1st period - Deflect By Alexandre Grenier.
0:06 of 1st period - Shot Blocked by Jamie Oleksiak.
0:06 of 1st period - Puck is out of play.
0:07 of 1st period - Martin Hanzal wins face-off versus Bo Horvat in Wolfes zone.
0:12 of 1st period - Slapshot by Damon Severson.
0:12 of 1st period - Deflect By Mark Giordano.
0:12 of 1st period - Stopped by Al Montoya without a rebound.
0:13 of 1st period - Colton Sissons wins face-off versus Kyle Rau in Influenza zone.
0:13 of 1st period - Colton Sissons is hit by Jeffrey Foss.
0:21 of 1st period - Wrist shot by Max Friberg.
0:21 of 1st period - Shot Misses the Net.
0:23 of 1st period - Slapshot by Joe Morrow.
0:23 of 1st period - Shot Blocked by Haydn Fleury.
0:25 of 1st period - Snap shot by Kyle Rau.
0:25 of 1st period - Shot Misses the Net.
0:27 of 1st period - Snap shot by Kyle Rau.
0:27 of 1st period - Deflect By Lawson Crouse.
0:27 of 1st period - Goal by Lawson Crouse - Wolfes : 1 - Influenza : 0.
0:28 of 1st period - Pavel Zacha wins face-off versus Sebastian Aho in neutral zone.
1:38 of 1st period - Off-side.
1:39 of 1st period - Martin Hanzal wins face-off versus Bo Horvat in neutral zone.
2:04 of 1st period - Mark Giordano is hit by Jamie Oleksiak and loses puck.
2:13 of 1st period - Slapshot by Tim Erixon.
2:13 of 1st period - Stopped by Laurent Brossoit with a rebound.
3:18 of 1st period - Icing by Ryan Dzingel.
3:19 of 1st period - Aleksi Saarela wins face-off versus Martin Hanzal in Influenza zone.
3:57 of 1st period - Slapshot by Travis Konecny.
3:57 of 1st period - Shot Misses the Net.
4:07 of 1st period - Tom Kuhnhackl is hit by Lawson Crouse and loses puck.
4:50 of 1st period - Snap shot by Tim Schaller.
4:50 of 1st period - Stopped by Laurent Brossoit with a rebound.
4:52 of 1st period - Slapshot by Tim Erixon.
4:52 of 1st period - Deflect By Bo Horvat.
4:52 of 1st period - Stopped by Laurent Brossoit with a rebound.
5:02 of 1st period - Jakub Zboril is hit by Tim Schaller and loses puck.
5:33 of 1st period - Alexandre Grenier is hit by Tom Kuhnhackl and loses puck.
6:03 of 1st period - Jamie Oleksiak is hit by Tom Kuhnhackl and loses puck.
6:16 of 1st period - Kyle Rau is hit by Tim Schaller and loses puck.
6:27 of 1st period - Snap shot by Tim Schaller.
6:27 of 1st period - Stopped by Laurent Brossoit without a rebound.
6:28 of 1st period - Colton Sissons wins face-off versus Martin Hanzal in Wolfes zone.
7:00 of 1st period - Kyle Rau is hit by Bo Horvat and loses puck.
7:19 of 1st period - Snap shot by Victor Olofsson.
7:19 of 1st period - Stopped by Al Montoya with a rebound.
7:27 of 1st period - Slapshot by Victor Olofsson.
7:27 of 1st period - Shot Blocked by Dmitry Sinitsyn.
7:37 of 1st period - Brett Pesce is hit by Blake Pietila and loses puck.
8:04 of 1st period - Snap shot by Travis Konecny.
8:04 of 1st period - Shot Misses the Net.
8:24 of 1st period - Wrist shot by Pavel Zacha.
8:24 of 1st period - Shot Misses the Net.
8:42 of 1st period - Wrist shot by Matthew Highmore.
8:42 of 1st period - Deflect By Victor Olofsson.
8:42 of 1st period - Goal by Victor Olofsson - Wolfes : 2 - Influenza : 0.
8:43 of 1st period - Martin Hanzal wins face-off versus Colton Sissons in neutral zone.
8:46 of 1st period - Wrist shot by Damon Severson.
8:46 of 1st period - Stopped by Al Montoya without a rebound.
8:47 of 1st period - Blake Pietila wins face-off versus Colton Sissons in Influenza zone.
8:57 of 1st period - Off-side.
8:58 of 1st period - Martin Hanzal wins face-off versus Bo Horvat in neutral zone.
9:03 of 1st period - Wrist shot by Blake Pietila.
9:03 of 1st period - Goal by Blake Pietila - Wolfes : 3 - Influenza : 0.
9:04 of 1st period - Martin Hanzal wins face-off versus Bo Horvat in neutral zone.
9:09 of 1st period - Tim Erixon is hit by Blake Pietila and loses puck.
9:31 of 1st period - Off-side.
9:32 of 1st period - Kyle Rau wins face-off versus Colton Sissons in neutral zone.
10:09 of 1st period - Kyle Rau is hit by Max Domi and loses puck.
10:34 of 1st period - Slapshot by Kyle Rau.
10:34 of 1st period - Shot Misses the Net.
10:36 of 1st period - Slapshot by Kyle Rau.
10:36 of 1st period - Stopped by Al Montoya with a rebound.
10:38 of 1st period - Wrist shot by Max Friberg.
10:38 of 1st period - Shot Misses the Net.
10:40 of 1st period - Wrist shot by Max Friberg.
10:40 of 1st period - Shot Misses the Net.
10:42 of 1st period - Slapshot by Joe Morrow.
10:42 of 1st period - Stopped by Al Montoya without a rebound.
10:43 of 1st period - Alexandre Grenier wins face-off versus Linden Vey in Influenza zone.
11:00 of 1st period - Slapshot by Blake Pietila.
11:00 of 1st period - Shot Misses the Net.
11:37 of 1st period - Icing by Haydn Fleury.
11:38 of 1st period - Martin Hanzal wins face-off versus Aleksi Saarela in Influenza zone.
11:56 of 1st period - Off-side.
11:57 of 1st period - Bo Horvat wins face-off versus Sebastian Aho in neutral zone.
12:02 of 1st period - Wrist shot by Tim Schaller.
12:02 of 1st period - Shot Misses the Net.
12:22 of 1st period - Blake Pietila is hit by Mark Giordano and loses puck.
12:45 of 1st period - Wrist shot by Neal Pionk.
12:45 of 1st period - Stopped by Laurent Brossoit with a rebound.
12:47 of 1st period - Slapshot by Dmitry Sinitsyn.
12:47 of 1st period - Shot Blocked by Kyle Rau.
12:49 of 1st period - Slapshot by Colton Sissons.
12:49 of 1st period - Shot Misses the Net.
12:51 of 1st period - Snap shot by Dmitry Sinitsyn.
12:51 of 1st period - Stopped by Laurent Brossoit with a rebound.
12:53 of 1st period - Slapshot by Colton Sissons.
12:53 of 1st period - Goal by Colton Sissons - Wolfes : 3 - Influenza : 1.
12:54 of 1st period - Bo Horvat wins face-off versus Martin Hanzal in neutral zone.
13:00 of 1st period - Minor Penalty to Alexandre Grenier for Hooking.
13:01 of 1st period - Bo Horvat wins face-off versus Martin Hanzal in Wolfes zone.
13:05 of 1st period - Wrist shot by Linden Vey.
13:05 of 1st period - Shot Misses the Net.
13:15 of 1st period - Snap shot by Bo Horvat.
13:15 of 1st period - Goal by Bo Horvat - Wolfes : 3 - Influenza : 2.
13:16 of 1st period - Bo Horvat wins face-off versus Martin Hanzal in neutral zone.
13:43 of 1st period - Benn Ferriero is hit by Justin Bailey.
14:05 of 1st period - Wrist shot by Victor Olofsson.
14:05 of 1st period - Shot Blocked by Mark Giordano.
14:10 of 1st period - Off-side.
14:11 of 1st period - Bo Horvat wins face-off versus Martin Hanzal in neutral zone.
14:14 of 1st period - Blake Pietila is hit by Tim Schaller and loses puck.
14:15 of 1st period - Blake Pietila from Wolfes is injured at 14:15 of 1st period (Left Knee).
14:16 of 1st period - Martin Hanzal wins face-off versus Bo Horvat in Wolfes zone.
14:27 of 1st period - Slapshot by Alexandre Grenier.
14:27 of 1st period - Shot Blocked by Tim Schaller.
14:41 of 1st period - Max Domi is hit by Damon Severson and loses puck.
15:19 of 1st period - Lucas Lessio is hit by Joe Morrow and loses puck.
15:30 of 1st period - Snap shot by Bo Horvat.
15:30 of 1st period - Shot Blocked by Jakub Zboril.
15:32 of 1st period - Wrist shot by Tim Erixon.
15:32 of 1st period - Stopped by Laurent Brossoit without a rebound.
15:33 of 1st period - Tim Schaller wins face-off versus Martin Hanzal in Wolfes zone.
15:48 of 1st period - Wrist shot by Bo Horvat.
15:48 of 1st period - Shot Misses the Net.
16:09 of 1st period - Snap shot by Lucas Lessio.
16:09 of 1st period - Shot Misses the Net.
16:23 of 1st period - Snap shot by Tom Kuhnhackl.
16:23 of 1st period - Shot Blocked by Martin Hanzal.
16:34 of 1st period - Dmitry Sinitsyn is hit by Alexandre Grenier and loses puck.
16:41 of 1st period - Slapshot by Martin Hanzal.
16:41 of 1st period - Shot Misses the Net.
16:43 of 1st period - Snap shot by Alexandre Grenier.
16:43 of 1st period - Stopped by Al Montoya with a rebound.
16:45 of 1st period - Snap shot by Damon Severson.
16:45 of 1st period - Stopped by Al Montoya without a rebound.
16:46 of 1st period - Kyle Rau wins face-off versus Bo Horvat in Influenza zone.
16:55 of 1st period - Snap shot by Max Friberg.
16:55 of 1st period - Stopped by Al Montoya without a rebound.
16:56 of 1st period - Kyle Rau wins face-off versus Bo Horvat in Influenza zone.
17:11 of 1st period - Snap shot by Linden Vey.
17:11 of 1st period - Stopped by Laurent Brossoit with a rebound.
17:19 of 1st period - Snap shot by Tim Schaller.
17:19 of 1st period - Stopped by Laurent Brossoit with a rebound.
17:50 of 1st period - Wrist shot by Lawson Crouse.
17:50 of 1st period - Shot Blocked by Tim Erixon.
18:07 of 1st period - Minor Penalty to Linden Vey for Holding.
18:08 of 1st period - Colton Sissons wins face-off versus Martin Hanzal in Influenza zone.
18:18 of 1st period - Alexandre Grenier is hit by Colton Sissons.
18:24 of 1st period - Damon Severson is hit by Haydn Fleury and loses puck.
18:37 of 1st period - Tim Erixon is hit by Alexandre Grenier.
19:05 of 1st period - Martin Hanzal is hit by Colton Sissons and loses puck.
Goals for this period are 3 for Wolfes vs 2 for Influenza.
Shots for this period are 11 for Wolfes vs 11 for Influenza.
2nd period
0:01 of 2nd period - Martin Hanzal wins face-off versus Bo Horvat in neutral zone.
0:07 of 2nd period - Penalty to Linden Vey is over, Linden Vey is back on ice.
0:08 of 2nd period - Snap shot by Martin Hanzal.
0:08 of 2nd period - Shot Blocked by Linden Vey.
0:10 of 2nd period - Slapshot by Damon Severson.
0:10 of 2nd period - Shot Blocked by Linden Vey.
0:12 of 2nd period - Snap shot by Jamie Oleksiak.
0:12 of 2nd period - Shot Blocked by Bo Horvat.
0:30 of 2nd period - Mark Giordano is hit by Victor Olofsson and loses puck.
0:59 of 2nd period - Backhand shot by Max Friberg.
0:59 of 2nd period - Shot Misses the Net.
1:01 of 2nd period - Snap shot by Kyle Rau.
1:01 of 2nd period - Shot Blocked by Haydn Fleury.
1:19 of 2nd period - Wrist shot by Benn Ferriero.
1:19 of 2nd period - Shot Blocked by Lucas Lessio.
1:21 of 2nd period - Snap shot by Benn Ferriero.
1:21 of 2nd period - Deflect By Eric Robinson.
1:21 of 2nd period - Shot Misses the Net.
1:21 of 2nd period - Puck is out of play.
1:22 of 2nd period - Bo Horvat wins face-off versus Martin Hanzal in Influenza zone.
1:34 of 2nd period - Benn Ferriero is hit by Linden Vey and loses puck.
1:49 of 2nd period - Colton Sissons is hit by Max Friberg and loses puck.
1:56 of 2nd period - Travis Konecny is hit by Joe Morrow and loses puck.
2:21 of 2nd period - Wrist shot by Victor Olofsson.
2:21 of 2nd period - Shot Misses the Net.
2:30 of 2nd period - Off-side.
2:31 of 2nd period - Sebastian Aho wins face-off versus Bo Horvat in neutral zone.
2:34 of 2nd period - Tim Schaller is hit by Eric Robinson and loses puck.
2:47 of 2nd period - Wrist shot by Tim Schaller.
2:47 of 2nd period - Stopped by Laurent Brossoit without a rebound.
2:48 of 2nd period - Colton Sissons wins face-off versus Martin Hanzal in Wolfes zone.
2:49 of 2nd period - Snap shot by Max Domi.
2:49 of 2nd period - Shot Misses the Net.
2:54 of 2nd period - Jamie Oleksiak is hit by Neal Pionk and loses puck.
3:06 of 2nd period - Minor Penalty to Martin Hanzal for Checking from behind.
3:07 of 2nd period - Victor Olofsson wins face-off versus Bo Horvat in Wolfes zone.
4:01 of 2nd period - Bo Horvat is hit by Joe Morrow.
5:01 of 2nd period - Victor Olofsson is hit by Mark Giordano and loses puck.
5:06 of 2nd period - Penalty to Martin Hanzal is over, Martin Hanzal is back on ice.
5:12 of 2nd period - Snap shot by Lucas Lessio.
5:12 of 2nd period - Shot Misses the Net.
5:14 of 2nd period - Wrist shot by Lucas Lessio.
5:14 of 2nd period - Shot Misses the Net.
5:29 of 2nd period - Off-side.
5:30 of 2nd period - Aleksi Saarela wins face-off versus Kyle Rau in neutral zone.
5:48 of 2nd period - Neal Pionk is hit by Alexandre Grenier and loses puck.
5:55 of 2nd period - Slapshot by Joe Morrow.
5:55 of 2nd period - Stopped by Al Montoya without a rebound.
5:56 of 2nd period - Sebastian Aho wins face-off versus Bo Horvat in Influenza zone.
6:43 of 2nd period - Off-side.
6:44 of 2nd period - Bo Horvat wins face-off versus Kyle Rau in neutral zone.
6:47 of 2nd period - Max Friberg is hit by Tim Erixon.
7:37 of 2nd period - Snap shot by Kyle Rau.
7:37 of 2nd period - Shot Misses the Net.
7:39 of 2nd period - Slapshot by Jamie Oleksiak.
7:39 of 2nd period - Shot Blocked by Tim Erixon.
7:41 of 2nd period - Snap shot by Jamie Oleksiak.
7:41 of 2nd period - Shot Misses the Net.
7:43 of 2nd period - Slapshot by Kyle Rau.
7:43 of 2nd period - Shot Misses the Net.
7:45 of 2nd period - Snap shot by Max Friberg.
7:45 of 2nd period - Deflect By Mark Giordano.
7:45 of 2nd period - Stopped by Al Montoya without a rebound.
7:46 of 2nd period - Bo Horvat wins face-off versus Martin Hanzal in Influenza zone.
7:53 of 2nd period - Slapshot by Linden Vey.
7:53 of 2nd period - Deflect By Bo Horvat.
7:53 of 2nd period - Shot Misses the Net.
7:53 of 2nd period - Puck is out of play.
7:54 of 2nd period - Linden Vey wins face-off versus Martin Hanzal in Wolfes zone.
7:55 of 2nd period - Snap shot by Tim Schaller.
7:55 of 2nd period - Stopped by Laurent Brossoit without a rebound.
7:56 of 2nd period - Bo Horvat wins face-off versus Martin Hanzal in Wolfes zone.
8:15 of 2nd period - Slapshot by Alexandre Grenier.
8:15 of 2nd period - Shot Blocked by Haydn Fleury.
8:28 of 2nd period - Slapshot by Martin Hanzal.
8:28 of 2nd period - Shot Misses the Net.
8:30 of 2nd period - Slapshot by Anton Lindholm.
8:30 of 2nd period - Shot Blocked by Neal Pionk.
8:32 of 2nd period - Slapshot by Martin Hanzal.
8:32 of 2nd period - Shot Misses the Net.
8:48 of 2nd period - Snap shot by Martin Hanzal.
8:48 of 2nd period - Stopped by Al Montoya with a rebound.
8:50 of 2nd period - Snap shot by Anton Lindholm.
8:50 of 2nd period - Stopped by Al Montoya with a rebound.
8:52 of 2nd period - Wrist shot by Benn Ferriero.
8:52 of 2nd period - Stopped by Al Montoya with a rebound.
8:54 of 2nd period - Backhand shot by Benn Ferriero.
8:54 of 2nd period - Stopped by Al Montoya without a rebound.
8:55 of 2nd period - Kyle Rau wins face-off versus Colton Sissons in Influenza zone.
8:56 of 2nd period - Snap shot by Max Friberg.
8:56 of 2nd period - Stopped by Al Montoya without a rebound.
8:57 of 2nd period - Colton Sissons wins face-off versus Kyle Rau in Influenza zone.
9:03 of 2nd period - Off-side.
9:04 of 2nd period - Kyle Rau wins face-off versus Colton Sissons in neutral zone.
9:21 of 2nd period - Travis Konecny is hit by Lawson Crouse and loses puck.
9:52 of 2nd period - Kyle Rau is hit by Mark Giordano and loses puck.
10:22 of 2nd period - Snap shot by Kyle Rau.
10:22 of 2nd period - Stopped by Al Montoya without a rebound.
10:23 of 2nd period - Martin Hanzal wins face-off versus Bo Horvat in Influenza zone.
10:48 of 2nd period - Lucas Lessio is hit by Anton Karlsson and loses puck.
11:41 of 2nd period - Minor Penalty to Linden Vey for Hooking.
11:42 of 2nd period - Bo Horvat wins face-off versus Martin Hanzal in Influenza zone.
11:42 of 2nd period - Bo Horvat is hit by Benn Ferriero.
13:41 of 2nd period - Penalty to Linden Vey is over, Linden Vey is back on ice.
13:47 of 2nd period - Slapshot by Jeffrey Foss.
13:47 of 2nd period - Shot Misses the Net.
14:31 of 2nd period - Anton Karlsson is hit by Haydn Fleury and loses puck.
14:46 of 2nd period - Benn Ferriero is hit by Travis Konecny and loses puck.
16:01 of 2nd period - Alexandre Grenier is hit by Colton Sissons and loses puck.
17:13 of 2nd period - Wrist shot by Anton Karlsson.
17:13 of 2nd period - Stopped by Al Montoya without a rebound.
17:14 of 2nd period - Colton Sissons wins face-off versus Matthew Highmore in Influenza zone.
17:19 of 2nd period - Slapshot by Travis Konecny.
17:19 of 2nd period - Shot Misses the Net.
17:21 of 2nd period - Slapshot by Neal Pionk.
17:21 of 2nd period - Stopped by Laurent Brossoit with a rebound.
17:23 of 2nd period - Snap shot by Colton Sissons.
17:23 of 2nd period - Shot Misses the Net.
17:25 of 2nd period - Slapshot by Mark Giordano.
17:25 of 2nd period - Shot Blocked by Jamie Oleksiak.
17:39 of 2nd period - Mark Giordano is hit by Jamie Oleksiak and loses puck.
17:53 of 2nd period - Icing by Tim Schaller.
17:54 of 2nd period - Pavel Zacha wins face-off versus Sebastian Aho in Influenza zone.
18:25 of 2nd period - Snap shot by Martin Hanzal.
18:25 of 2nd period - Stopped by Al Montoya with a rebound.
18:27 of 2nd period - Slapshot by Jeffrey Foss.
18:27 of 2nd period - Shot Misses the Net.
18:29 of 2nd period - Slapshot by Alexandre Grenier.
18:29 of 2nd period - Shot Misses the Net.
18:51 of 2nd period - Wrist shot by Travis Konecny.
18:51 of 2nd period - Shot Misses the Net.
19:35 of 2nd period - Snap shot by Bo Horvat.
19:35 of 2nd period - Stopped by Laurent Brossoit with a rebound.
Goals for this period are 0 for Wolfes vs 0 for Influenza.
Shots for this period are 10 for Wolfes vs 4 for Influenza.
3rd period
0:01 of 3rd period - Bo Horvat wins face-off versus Martin Hanzal in neutral zone.
0:04 of 3rd period - Damon Severson is hit by Tim Erixon and loses puck.
0:34 of 3rd period - Wrist shot by Max Domi.
0:34 of 3rd period - Shot Misses the Net.
0:36 of 3rd period - Slapshot by Mark Giordano.
0:36 of 3rd period - Deflect By Max Friberg.
0:36 of 3rd period - Stopped by Laurent Brossoit with a rebound.
0:38 of 3rd period - Slapshot by Tim Erixon.
0:38 of 3rd period - Shot Blocked by Kyle Rau.
0:58 of 3rd period - Slapshot by Jamie Oleksiak.
0:58 of 3rd period - Shot Misses the Net.
1:04 of 3rd period - Minor Penalty to Neal Pionk for Holding.
1:05 of 3rd period - Benn Ferriero wins face-off versus Bo Horvat in Influenza zone.
1:06 of 3rd period - Wrist shot by Martin Hanzal.
1:06 of 3rd period - Shot Misses the Net.
1:56 of 3rd period - Tim Schaller is hit by Damon Severson and loses puck.
2:19 of 3rd period - Travis Konecny is hit by Jeffrey Foss and loses puck.
3:04 of 3rd period - Penalty to Neal Pionk is over, Neal Pionk is back on ice.
3:05 of 3rd period - Icing by Haydn Fleury.
3:06 of 3rd period - Martin Hanzal wins face-off versus Bo Horvat in Influenza zone.
3:16 of 3rd period - Icing by Lucas Lessio.
3:17 of 3rd period - Matthew Highmore wins face-off versus Pavel Zacha in Influenza zone.
3:30 of 3rd period - Wrist shot by Lucas Lessio.
3:30 of 3rd period - Shot Blocked by Jakub Zboril.
4:22 of 3rd period - Ryan Dzingel is hit by Alexandre Grenier and loses puck.
4:43 of 3rd period - Wrist shot by Max Friberg.
4:43 of 3rd period - Stopped by Al Montoya without a rebound.
4:44 of 3rd period - Martin Hanzal wins face-off versus Bo Horvat in Influenza zone.
4:45 of 3rd period - Snap shot by Alexandre Grenier.
4:45 of 3rd period - Shot Misses the Net.
4:48 of 3rd period - Icing by Linden Vey.
4:49 of 3rd period - Martin Hanzal wins face-off versus Bo Horvat in Influenza zone.
5:00 of 3rd period - Slapshot by Joe Morrow.
5:00 of 3rd period - Shot Blocked by Tim Erixon.
5:31 of 3rd period - Minor Penalty to Lucas Lessio for Cross-checking.
5:32 of 3rd period - Kyle Rau wins face-off versus Bo Horvat in Influenza zone.
6:01 of 3rd period - Icing by Damon Severson.
6:02 of 3rd period - Martin Hanzal wins face-off versus Bo Horvat in Wolfes zone.
6:11 of 3rd period - Snap shot by Alexandre Grenier.
6:11 of 3rd period - Shot Misses the Net.
6:13 of 3rd period - Slapshot by Damon Severson.
6:13 of 3rd period - Shot Misses the Net.
6:25 of 3rd period - Wrist shot by Max Friberg.
6:25 of 3rd period - Stopped by Al Montoya without a rebound.
6:26 of 3rd period - Colton Sissons wins face-off versus Kyle Rau in Influenza zone.
6:39 of 3rd period - Slapshot by Jeffrey Foss.
6:39 of 3rd period - Deflect By Mark Giordano.
6:39 of 3rd period - Stopped by Al Montoya with a rebound.
6:41 of 3rd period - Snap shot by Lawson Crouse.
6:41 of 3rd period - Wolfes goal is going for a video replay.
6:41 of 3rd period - The goal is refused. The puck has been kicked using a distinct kicking motion..
6:42 of 3rd period - Martin Hanzal wins face-off versus Bo Horvat in Influenza zone.
7:31 of 3rd period - Penalty to Lucas Lessio is over, Lucas Lessio is back on ice.
7:46 of 3rd period - Tim Schaller is hit by Matthew Highmore and loses puck.
8:03 of 3rd period - Travis Konecny is hit by Benn Ferriero and loses puck.
8:35 of 3rd period - Lawson Crouse is hit by Lucas Lessio and loses puck.
9:24 of 3rd period - Snap shot by Lucas Lessio.
9:24 of 3rd period - Shot Blocked by Jakub Zboril.
9:26 of 3rd period - Wrist shot by Pavel Zacha.
9:26 of 3rd period - Shot Misses the Net.
9:28 of 3rd period - Snap shot by Pavel Zacha.
9:28 of 3rd period - Shot Misses the Net.
9:30 of 3rd period - Backhand shot by Brett Pesce.
9:30 of 3rd period - Stopped by Laurent Brossoit without a rebound.
9:31 of 3rd period - Martin Hanzal wins face-off versus Bo Horvat in Wolfes zone.
9:40 of 3rd period - Wrist shot by Linden Vey.
9:40 of 3rd period - Shot Misses the Net.
9:42 of 3rd period - Wrist shot by Linden Vey.
9:42 of 3rd period - Shot Misses the Net.
9:44 of 3rd period - Slapshot by Tim Erixon.
9:44 of 3rd period - Stopped by Laurent Brossoit without a rebound.
9:45 of 3rd period - Martin Hanzal wins face-off versus Colton Sissons in Wolfes zone.
9:54 of 3rd period - Snap shot by Travis Konecny.
9:54 of 3rd period - Stopped by Laurent Brossoit without a rebound.
9:55 of 3rd period - Colton Sissons wins face-off versus Martin Hanzal in Wolfes zone.
10:04 of 3rd period - Wrist shot by Colton Sissons.
10:04 of 3rd period - Stopped by Laurent Brossoit without a rebound.
10:05 of 3rd period - Martin Hanzal wins face-off versus Tim Schaller in Wolfes zone.
10:05 of 3rd period - Martin Hanzal is hit by Tim Erixon.
10:27 of 3rd period - Minor Penalty to Tim Schaller for Holding.
10:28 of 3rd period - Bo Horvat wins face-off versus Martin Hanzal in Influenza zone.
10:37 of 3rd period - Travis Konecny is hit by Martin Hanzal and loses puck.
10:58 of 3rd period - Slapshot by Damon Severson.
10:58 of 3rd period - Shot Blocked by Bo Horvat.
11:00 of 3rd period - Backhand shot by Lawson Crouse.
11:00 of 3rd period - Stopped by Al Montoya with a rebound.
11:04 of 3rd period - Snap shot by Kyle Rau.
11:04 of 3rd period - Stopped by Al Montoya with a rebound.
12:27 of 3rd period - Penalty to Tim Schaller is over, Tim Schaller is back on ice.
12:41 of 3rd period - Joe Morrow is hit by Tim Schaller.
12:47 of 3rd period - Brett Pesce is hit by Victor Olofsson and loses puck.
13:21 of 3rd period - Anton Lindholm is hit by Tim Erixon and loses puck.
13:42 of 3rd period - Alexandre Grenier is hit by Linden Vey and loses puck.
14:11 of 3rd period - Neal Pionk is hit by Eric Robinson and loses puck.
14:43 of 3rd period - Joe Morrow is hit by Mark Giordano.
14:44 of 3rd period - Icing by Joe Morrow.
14:45 of 3rd period - Kyle Rau wins face-off versus Bo Horvat in Wolfes zone.
14:45 of 3rd period - Kyle Rau is hit by Tim Schaller.
15:19 of 3rd period - Backhand shot by Kyle Rau.
15:19 of 3rd period - Shot Misses the Net.
15:23 of 3rd period - Snap shot by Kyle Rau.
15:23 of 3rd period - Stopped by Al Montoya with a rebound.
15:25 of 3rd period - Snap shot by Joe Morrow.
15:25 of 3rd period - Shot Misses the Net.
15:27 of 3rd period - Backhand shot by Jeffrey Foss.
15:27 of 3rd period - Shot Misses the Net.
15:29 of 3rd period - Snap shot by Max Friberg.
15:29 of 3rd period - Stopped by Al Montoya without a rebound.
15:30 of 3rd period - Martin Hanzal wins face-off versus Pavel Zacha in Influenza zone.
15:31 of 3rd period - Snap shot by Alexandre Grenier.
15:31 of 3rd period - Deflect By Martin Hanzal.
15:31 of 3rd period - Stopped by Al Montoya with a rebound.
15:35 of 3rd period - Slapshot by Alexandre Grenier.
15:35 of 3rd period - Stopped by Al Montoya without a rebound.
15:36 of 3rd period - Pavel Zacha wins face-off versus Martin Hanzal in Influenza zone.
15:41 of 3rd period - Slapshot by Mark Giordano.
15:41 of 3rd period - Stopped by Laurent Brossoit with a rebound.
15:54 of 3rd period - Minor Penalty to Pavel Zacha for Holding.
15:55 of 3rd period - Bo Horvat wins face-off versus Martin Hanzal in Influenza zone.
16:01 of 3rd period - Slapshot by Jamie Oleksiak.
16:01 of 3rd period - Deflect By Mark Giordano.
16:01 of 3rd period - Goal by Jamie Oleksiak - Wolfes : 4 - Influenza : 2.
16:02 of 3rd period - Sebastian Aho wins face-off versus Pavel Zacha in neutral zone.
16:28 of 3rd period - Eric Robinson is hit by Mark Giordano and loses puck.
16:33 of 3rd period - Snap shot by Max Domi.
16:33 of 3rd period - Stopped by Laurent Brossoit with a rebound.
17:41 of 3rd period - Wrist shot by Max Domi.
17:41 of 3rd period - Shot Misses the Net.
17:47 of 3rd period - Wrist shot by Max Domi.
17:47 of 3rd period - Stopped by Laurent Brossoit with a rebound.
17:49 of 3rd period - Slapshot by Dmitry Sinitsyn.
17:49 of 3rd period - Deflect By Max Domi.
17:49 of 3rd period - Shot Blocked by Alexandre Grenier.
17:49 of 3rd period - Puck is out of play.
17:50 of 3rd period - Pavel Zacha wins face-off versus Kyle Rau in Wolfes zone.
18:01 of 3rd period - Slapshot by Mark Giordano.
18:01 of 3rd period - Shot Misses the Net.
18:03 of 3rd period - Wrist shot by Pavel Zacha.
18:03 of 3rd period - Stopped by Laurent Brossoit with a rebound.
Goals for this period are 1 for Wolfes vs 0 for Influenza.
Shots for this period are 11 for Wolfes vs 9 for Influenza.
Output by the SimonT Hockey Simulator (STHS) for Francois Prevost